AoeStats
← Leinad

Black Forest

510161454Analyzed
4v4 RM · 2d ago on Sep 29, 2026· 43m 43s· 8 players
Game mode
Random Map
Map size
Large (8 player)
Population
200
Speed
Normal
Resources
Standard
Victory
Conquest
Starting age
Dark Age
Ending age
Imperial Age
RankedLock teamsTeams togetherTeam positionsShared explorationLock speedFull tech treeHidden civsTurbo modeCheats
Victory
Defeat
🇦🇷 Italians · Argentina
1226
+14
🇨🇳 Saxons · China
1215
+15
🇩🇪 Teutons · Germany
1184
+16
🇨🇴 Khmer · Colombia
1181
+16
🇨🇿 Mongols · Czechia
1193
-16
🇨🇿 Malians · Czechia
1189
-15
🇨🇿 Bohemians · Czechia
1175
-15
🇨🇿 Franks · Czechia
1172
-15
Kestrel
0:29 Loom
10:31 Feudal Age
13:41 Castle Age
11:51 Double-Bit Axe
12:45 Fishing Lines
16:52 Scale Barding Armor
18:10 Forging
17:56 Loom
19:10 Husbandry
22:36 Fletching
23:59 Bodkin Arrow
26:38 Bloodlines
39:02 Imperial Age
37:09 Wheelbarrow
40:35 Gold Mining
40:36 Stone Mining
41:16 Conscription
Hakuna Yoken
0:30 Loom
10:12 Feudal Age
22:27 Man-at-Arms
22:45 Man-at-Arms
26:31 Castle Age
24:23 Fletching
24:55 Scale Mail Armor
25:07 Forging
25:08 Double-Bit Axe
25:17 Horse Collar
27:47 Chain Mail Armor
28:07 Iron Casting
26:57 Pikeman
28:23 Squires
28:45 Bodkin Arrow
29:06 Guard Tower
31:39 Ballistics
38:50 Iron Casting
40:54 Imperial Age
39:09 Heavy Plow
40:08 Town Watch
41:01 Wheelbarrow
40:54 Stone Mining
41:22 Halberdier
43:39 Chemistry
43:12 Conscription
43:55 Arrowslits
-EL-
6:04 Loom
11:35 Feudal Age
18:21 Castle Age
21:11 Double-Bit Axe
23:54 Wheelbarrow
23:05 Horse Collar
28:17 Heavy Plow
28:30 Bow Saw
28:46 Stone Mining
29:51 Hand Cart
29:37 Gold Mining
29:41 Fletching
33:30 Imperial Age
31:50 Silk Road
31:43 Squires
31:08 Pikeman
31:47 Bodkin Arrow
31:50 Town Watch
32:10 Padded Archer Armor
32:54 Stone Shaft Mining
33:24 Leather Archer Armor
33:15 Arson
34:03 Forging
33:56 Scale Mail Armor
35:14 Chemistry
34:35 Ballistics
34:02 Elite Genoese Crossbowman
35:04 Conscription
34:46 Bracer
35:04 Caravan
35:55 Town Patrol
37:08 Ring Archer Armor
41:56 Pirotechnia
1361331795
0:41 Loom
11:23 Feudal Age
12:21 Arson
12:40 Man-at-Arms
14:48 Horse Collar
18:57 Castle Age
19:05 Double-Bit Axe
25:27 Wheelbarrow
24:39 Town Watch
25:12 Heavy Plow
25:47 Squires
25:33 Gambesons
26:04 Bow Saw
26:10 Long Swordsman
29:36 Forging
29:26 Scale Mail Armor
30:11 Gold Mining
31:00 Iron Casting
31:12 Hand Cart
31:38 Chain Mail Armor
36:17 Imperial Age
36:41 Caravan
36:26 Shield Wall
37:27 Conscription
36:33 Two-Handed Swordsman
36:57 Capped Ram
38:11 Crop Rotation
38:46 Two-Man Saw
37:28 Champion
37:52 Elite Skirmisher
38:46 Fletching
38:57 Padded Archer Armor
38:29 Siege Ram
40:33 Ballistics
41:14 Chemistry
40:25 Fortified Wall
40:48 Bodkin Arrow
41:08 Leather Archer Armor
41:24 Plate Mail Armor
44:14 Bracer
44:44 Ring Archer Armor
xrixcis
0:38 Loom
13:12 Feudal Age
17:01 Castle Age
16:50 Fletching
18:59 Wheelbarrow
19:46 Double-Bit Axe
25:14 Horse Collar
28:00 Town Watch
31:16 Imperial Age
30:26 Chemistry
28:58 Pikeman
30:34 Bow Saw
31:08 Scale Mail Armor
31:08 Padded Archer Armor
31:20 Forging
32:58 Halberdier
čuňas
9:47 Feudal Age
14:13 Castle Age
12:03 Double-Bit Axe
12:26 Horse Collar
13:31 Town Watch
14:18 Town Watch
15:40 Town Watch
16:51 Town Watch
19:22 Town Watch
22:02 Wheelbarrow
21:40 Town Watch
22:14 Town Watch
23:48 Town Patrol
25:43 Town Patrol
28:28 Imperial Age
26:02 Gold Mining
26:30 Hand Cart
26:08 Fletching
26:51 Bodkin Arrow
27:51 Ballistics
29:30 Bracer
30:36 Elite Mangudai
32:46 Chemistry
33:30 Padded Archer Armor
35:09 Leather Archer Armor
36:07 Thumb Ring
37:20 Heavy Cavalry Archer
37:21 Elite Skirmisher
38:26 Parthian Tactics
39:53 Drill
39:39 Onager
exd
12:31 Feudal Age
10:47 Loom
16:42 Castle Age
14:42 Loom
15:39 Double-Bit Axe
15:47 Gold Mining
18:14 Scale Barding Armor
23:47 Chain Barding Armor
31:42 Forging
42:29 Imperial Age
40:37 Iron Casting
Leinad
10:51 Feudal Age
12:29 Loom
18:02 Castle Age
21:24 Gold Mining
21:55 Fletching
Connection lost

Rejoining the realm…

Still unreachable

The connection could not be restored.

Session expired

The server has moved on; the page needs a fresh start.